 Dungeon Crawl Stone Soup version 0.28.0-45-g0d030f2227 (webtiles) character file.

Game seed: 16249051963341012409

212 NinjaNoafa the Shield-Bearer (level 5, -8/48 HPs)
             Began as a Minotaur Fighter on Apr 6, 2022.
             Mangled by Menkaure (15 damage)
             ... on level 4 of the Dungeon.
             The game lasted 00:04:19 (1838 turns).

NinjaNoafa the Shield-Bearer (Minotaur Fighter)     Turns: 1838, Time: 00:04:19

Health: -8/48      AC:  8    Str: 23    XL:     5   Next: 58%
Magic:  4/4        EV:  9    Int:  5    God:
Gold:   85         SH:  4    Dex:  9    Spells: 4/4 levels left

rFire   . . .      SeeInvis .   a - +0 flail
rCold   . . .      Faith    .   c - +0 buckler
rNeg    . . .      Spirit   .   b - +0 scale mail
rPois   .          Reflect  .   (helmet restricted)
rElec   .          Harm     .   (no cloak)
rCorr   .          Rampage  .   (no gloves)
Will    .....                   l - +0 pair of boots
Stlth   ..........              (no amulet)
HPRegen 0.16/turn               (no ring)
MPRegen 0.09/turn               (no ring)

@: mighty
A: horns 2, retaliatory headbutt
a: no special abilities


You were on level 4 of the Dungeon.
You visited 1 branch of the dungeon, and saw 4 of its levels.

You collected 85 gold pieces.

Inventory:

Hand Weapons
 a - a +0 flail (weapon)
Missiles
 e - 22 stones (quivered)
 f - 8 poisoned darts
 j - 4 boomerangs
Armour
 b - a +0 scale mail (worn)
 c - a +0 buckler (worn)
 l - a +0 pair of boots (worn)
Scrolls
 d - a scroll of teleportation {unknown}
Potions
 g - a potion of haste


   Skills:
 * Level 5.1 Fighting
 + Level 3.3 Maces & Flails
 * Level 5.0 Armour
 * Level 5.1 Shields


You had 4 spell levels left.
You didn't know any spells.
Your spell library was empty.

Dungeon Overview and Level Annotations

Branches:
Dungeon (4/15)
 Temple: D:4-7

Altars:

Annotations:
D:3 Ijyb, Sigmund
D:4 Menkaure, Robin


Innate Abilities, Weirdness & Mutations

You have a pair of horns on your head.
You reflexively headbutt those who attack you in melee.


Message History

An iguana comes into view.
The iguana hisses angrily.
The hound stops to sniff the ground.
A necrophage comes into view.
Your extra speed is starting to run out.
An orc comes into view. It is wielding a +0 club.
The orc shouts!
You block the necrophage's attack.
Found a stone staircase leading up.
You feel yourself slow down. The hound bites you but does no damage.
The orc complains loudly, in orcish tradition.
The hound bites you but does no damage. The hound bites you but does no damage.
There is a stone staircase leading up here.
Really walk into that teleport trap?
You enter a teleport trap!
The teleport trap disappears.
Your surroundings suddenly seem different.
Found a scroll labelled QEITIU VOITULI.
An orc comes into view. It is wielding a +0 club.
The orc moves out of view.
An orc is nearby!
Menkaure, Prince of Dust comes into view.
Menkaure shouts!
You hear an angry hiss.
You hear a bark!
Menkaure gestures wildly while chanting.
Menkaure seems to speed up.
You see here a scroll labelled QEITIU VOITULI.
d - a scroll labelled QEITIU VOITULI The orc throws a boomerang.
The boomerang hits you but does no damage.
Found a chain mail.
A hound comes into view.
The orc throws a boomerang.
The boomerang barely misses you.
The orc throws a boomerang.
The boomerang hits you but does no damage.
Found a large agate ring.
There is a stone staircase leading down here.
The orc throws a boomerang.
The boomerang closely misses you. Menkaure hits you!
You die...

... .......[. #...
.............## #...
..............# #..
#............#
#..####...........##
#....#.............#. .#
#.........#.....=... ...
#...##...#.!........
#...##.......#.M@.......
#.....o....h........#.
####........>.#....##
............###..##
.....#.....†..## ###
....##.......### ....
#.........##
.....##.........##
.....##..........#


You could see Menkaure (fast) and a hound.

Vanquished Creatures
  A necrophage (D:3)
  Natasha (D:3)
  A hound zombie (D:3)
  3 gnolls (D:3)
  An adder (D:2)
  A worm (D:3)
  A dart slug (D:1)
  4 endoplasms (D:1)
  A giant cockroach (D:1)
  3 goblins
  4 hobgoblins
  3 quokkas
  7 ball pythons
  6 bats
  2 frilled lizards (D:1)
  3 kobolds
  2 rats
44 creatures vanquished.

Notes
Turn   | Place    | Note
-------+----------+-------------------------------------------
     0 | D:1      | NinjaNoafa the Minotaur Fighter began the quest for the
                  | Orb.
     0 | D:1      | Reached XP level 1. HP: 19/19 MP: 0/0
   102 | D:1      | Reached XP level 2. HP: 22/27 MP: 1/1
   296 | D:1      | Found a faded altar of an unknown god.
   799 | D:2      | Reached XP level 3. HP: 32/33 MP: 2/2
  1352 | D:3      | Noticed a necrophage
  1363 | D:3      | Killed a necrophage
  1364 | D:3      | Reached XP level 4. HP: 29/41 MP: 3/3
  1383 | D:3      | Reached XP level 5. HP: 23/47 MP: 4/4
  1392 | D:3      | Reached skill level 5 in Fighting
  1392 | D:3      | Reached skill level 5 in Shields
  1575 | D:3      | Noticed Natasha
  1586 | D:3      | Killed Natasha
  1587 | D:3      | Reached skill level 5 in Armour
  1759 | D:3      | Noticed Ijyb
  1760 | D:3      | Noticed Sigmund
  1788 | D:4      | HP: 2/48 [orc/+0 mace (5)]
  1793 | D:4      | Noticed a black bear
  1795 | D:4      | Noticed Robin
  1807 | D:4      | Noticed a necrophage
  1829 | D:4      | Noticed Menkaure
  1838 | D:4      | Mangled by Menkaure

Illustrated notes

Levels and vault maps discovered:
D:1:      onia_arrival_pentagram, layout_basic, ebering_ecumenical_altar_rust
D:2:      layout_loops_cross, kennysheep_minor_cross, hex_large
D:3:      layout_rooms, uniq_ijyb, uniq_sigmund, uniq_natasha
D:4:      layout_cave_pools, uniq_menkaure, uniq_robin, uniq_crazy_yiuf_cottage

Skill      XL: |  1  2  3  4  5 |
---------------+----------------+-----
Shields        | 4 5 |  5.1
Fighting       | 4 5 |  5.1
Armour         | 4 5 |  5.0
Maces & Flails | 3 |  3.3

Action                   |  1- 3 |  4- 6 || total
-------------------------+-------+-------++-------
Melee: Flail             |    68 |    36 ||   104
       Headbutt          |     8 |     4 ||    12
  Use: Potion            |       |     6 ||     6
       Scroll            |       |     2 ||     2
Armor: Scale mail        |    60 |    30 ||    90
Dodge: Dodged            |    37 |    20 ||    57
Block: Buckler           |    18 |    10 ||    28
